cohdb
Replays
Latest Replays
All Replays
Popular Replays
Top Player Replays
Match Explorer
How It Works
Community
CoH3 Stats
Reddit
Sign in to upload your games and track your stats! →
Sign in with Steam
Match 42732301
Unlisted
Match 42732301
Overview
Messages
Build Orders
End
Construct Infanterie Kompanie
MG 42 Machine Gun Team
Selects Terror Battlegroup
Selects Machine Gun Camouflage
Grenadier Squad
MG 42 Machine Gun Team
Construct Panzergrenadier Kompanie
Panzergrenadier Squad
251 Medium Carrier
Pak 40 Anti-tank Gun Team
Selects Contempt for the Weak
Support Elements
Nebelwerfer 42 Rocket Launcher Team
Panzergrenadier Squad
Selects Propaganda Leaflet Drop
Construct Panzer Kompanie
Panzer IV Medium Tank
Panzer IV Medium Tank
Side Skirts
Propaganda Leaflet Drop
Selects No Quarter
Selects V1 Rocket Strike
V1 Rocket Strike
daShark 6
Chocoboi
Butomorgen
Humuspfanne
dan legend
KlugE
zombie land SAGA
Akusen
0
0
Comments
sign in to comment!
No comments posted yet!